 Dungeon Crawl Stone Soup version 0.18-a0-1788-g92de1ac (webtiles) character file.

975 manyhoops the Cleaver (level 8, -15/70 HPs)
             Began as a Hill Orc Gladiator on Apr 19, 2016.
             Was a Follower of Cheibriados.
             Demolished by an orc warrior
             ... wielding a +3 hand axe
              (17 damage)
             ... on level 6 of the Dungeon.
             The game lasted 00:12:21 (5995 turns).

manyhoops the Cleaver (Hill Orc Gladiator)          Turns: 5995, Time: 00:12:22

Health: -15/70     AC: 12    Str: 23    XL:     8   Next: 16%
Magic:  8/8        EV: 12    Int: 15    God:    Cheibriados [*.....]
Gold:   291        SH:  0    Dex: 14    Spells: 0 memorised, 7 levels left

rFire  . . .     SeeInvis .     a - +0 war axe
rCold  . . .     Gourm    .     y - +4 ring mail "Fuiluat" {Int+4}
rNeg   . . .     Faith    .     (no shield)
rPois  .         Spirit   .     c - +0 helmet
rElec  .         Dismiss  .     (no cloak)
rCorr  .         Reflect  .     n - +0 pair of gloves
SustAt +         Harm     .     (no boots)
MR     .....                    (no amulet)
Stlth  +.........               (no ring)
                                v - ring of sustain attributes

@: very slow, not resistant to hostile enchantments, very unstealthy
A: no striking features
a: Bend Time, Renounce Religion


You were on level 6 of the Dungeon.
You worshipped Cheibriados.
Cheibriados was aware of your devotion.
You were not hungry.

You visited 2 branches of the dungeon, and saw 7 of its levels.

You collected 291 gold pieces.

Inventory:

Hand Weapons
 a - a +0 war axe (weapon)
 g - a +5 flail of protection
 k - a +1 mace of draining
 r - a +0 scythe of slicing
Missiles
 d - 2 throwing nets (quivered)
Armour
 c - a +0 helmet (worn)
 n - a +0 pair of gloves (worn)
 y - the +4 ring mail "Fuiluat" (worn) {Int+4}
   (You found it on level 5 of the Dungeon)

   It affects your intelligence (+4).
Jewellery
 v - a ring of sustain attributes (left hand)
Wands
 m - a wand of polymorph (24/24)
Scrolls
 i - a scroll of magic mapping
 l - 3 scrolls of teleportation
 o - 4 scrolls of remove curse
 s - 2 scrolls of noise
 t - a scroll of recharging
 x - a scroll of random uselessness
Potions
 b - a potion of magic {unknown}
 e - 2 potions of brilliance
 j - a potion of degeneration {unknown}
 u - a potion of might {unknown}
 z - a potion of haste
Books
 q - a book of Geomancy

   Spells                             Type                      Level
   a - Sandblast                      Earth                        1
   b - Passwall                       Transmutation/Earth          2
   c - Stone Arrow                    Conjuration/Earth            3
   d - Petrify                        Transmutation/Earth          4
   e - Lee's Rapid Deconstruction     Earth                        5
Comestibles
 f - 3 bread rations
 h - 6 beef jerkies


   Skills:
 + Level 5.8 Fighting
 + Level 8.3 Axes
 - Level 1.7 Throwing
 + Level 6.0 Armour
 - Level 2.4 Dodging


You had 7 spell levels left.
You didn't know any spells.

Dungeon Overview and Level Annotations

Branches:
Dungeon (6/15)             Temple (1/1) D:4

Altars:
Ashenzari
Cheibriados
Dithmenos
Elyvilon
Fedhas
Gozag
Kikubaaqudgha
Makhleb
Okawaru
Pakellas
Qazlal
Ru
Sif Muna
Vehumet
Xom
Zin

Shops:
D:2 *   D:4 =

Annotations:
D:5 Menkaure


Message History

* * * LOW HITPOINT WARNING * * *
You hit the orc warrior.
The orc warrior is heavily wounded.
The orc warrior hits you with an enchanted hand axe!
* * * LOW HITPOINT WARNING * * *
You hit the orc warrior but do no damage.
The orc warrior is heavily wounded.
You slash the orc!
You kill the orc!
Cheibriados appreciates the change of pace.
The orc warrior hits you but does no damage.
You hit the orc warrior but do no damage.
The orc warrior is heavily wounded.
The orc warrior barely misses you.
You closely miss the orc warrior.
The orc warrior is heavily wounded.
You hit the orc warrior but do no damage.
The orc warrior is heavily wounded.
The orc warrior hits you with an enchanted hand axe!
You die...

#......# #......# ######
#......###
#....#########).....+.#
#...................#.#
#.....#######.......#.###
#.....# #...........#....
#.....###.###.###'#.#..##
#....>..@o...........[...
#.....###)#$#.#####.#).##
#.........#.#... #.#..#
#........................
###........##.#...#.#.##.#.
#..รท.......##.#.#.#.#..
.#. #.##.......##.#.#.#.###
## #.##.......#..#.#.#.#
#.##..........# ....#


You could see an orc warrior.

Vanquished Creatures
  Sigmund (D:3)
  Edmund (D:4)
  An ice beast (D:5)
  An ogre (D:6)
  An orc warrior (D:6)
  A crimson imp (D:5)
  2 orc priests (D:4)
  Jessica (D:3)
  2 worker ants
  A hound skeleton (D:4)
  2 gnolls
  9 adders
  An adder zombie (D:5)
  5 worms
  5 dart slugs
  5 giant geckos
  15 orcs
  8 bats
  3 giant cockroaches (D:4)
  13 hobgoblins
  7 jackals
  3 quokkas
  2 giant gecko skeletons (D:4)
  4 giant newts
  9 goblins
  9 kobolds
  8 rats
120 creatures vanquished.

Notes
Turn   | Place    | Note
--------------------------------------------------------------
     0 | D:1      | manyhoops the Hill Orc Gladiator began the quest for the Orb.
     0 | D:1      | Reached XP level 1. HP: 18/18 MP: 1/1
    49 | D:1      | Reached XP level 2. HP: 7/25 MP: 2/2
   449 | D:1      | Reached skill level 1 in Armour
   449 | D:1      | Reached XP level 3. HP: 24/30 MP: 3/3
   851 | D:1      | Reached skill level 5 in Axes
  1113 | D:2      | Found Zin's Purification Station.
  1118 | D:2      | Found a glowing silver altar of Zin.
  1295 | D:2      | Reached XP level 4. HP: 38/38 MP: 4/4
  2098 | D:3      | Noticed Sigmund
  2118 | D:3      | Killed Sigmund
  2118 | D:3      | Reached skill level 6 in Axes
  2118 | D:3      | Reached XP level 5. HP: 13/47 MP: 5/5
  2118 | D:3      | Reached XP level 6. HP: 15/53 MP: 6/6
  2343 | D:3      | Found a faded altar to an unknown god.
  2527 | D:3      | Noticed Jessica
  2537 | D:3      | Killed Jessica
  3128 | D:4      | Found a staircase to the Ecumenical Temple.
  3177 | D:4      | Found Turricvu's Jewellery Shoppe.
  3204 | Temple   | Entered the Ecumenical Temple
  3456 | Temple   | Became a worshipper of Cheibriados the Contemplative
  3561 | D:4      | Noticed Edmund
  3576 | D:4      | Killed Edmund
  3576 | D:4      | Reached skill level 5 in Fighting
  3576 | D:4      | Reached XP level 7. HP: 25/61 MP: 7/7
  3656 | D:4      | Reached skill level 7 in Axes
  3932 | D:4      | Reached skill level 5 in Armour
  3934 | D:4      | Reached * piety under Cheibriados
  4467 | D:5      | Entered Level 5 of the Dungeon
  4486 | D:5      | Found a shattered altar of Ashenzari.
  4627 | D:5      | Got a faintly humming ring mail
  4638 | D:5      | Identified the +4 ring mail "Fuiluat" {Int+4} (You found it on level 5 of the Dungeon)
  5029 | D:5      | Noticed Menkaure
  5231 | D:5      | Found an iron altar of Okawaru.
  5231 | D:5      | Found a sacrificial altar of Ru.
  5428 | D:6      | Found a snail-covered altar of Cheibriados.
  5471 | D:5      | HP: 3/61 [poisoned by a worker ant]
  5477 | D:5      | HP: 3/61 [poisoned by a worker ant]
  5485 | D:5      | HP: 3/61 [poisoned by a worker ant]
  5491 | D:5      | HP: 3/61 [poisoned by a worker ant]
  5497 | D:5      | HP: 3/61 [poisoned by a worker ant]
  5795 | D:6      | Reached skill level 8 in Axes
  5795 | D:6      | Reached XP level 8. HP: 50/69 MP: 8/8
  5991 | D:6      | HP: 1/70 [orc warrior/enchanted hand axe (8)]
  5995 | D:6      | Demolished by an orc warrior

Vault maps used:
D:1:      dpeg_arrival_rooms_c
D:2:      zin_purify, kennysheep_generic_room_10
D:3:      ecumenical_altar_1, first_bread, uniq_sigmund, uniq_jessica
D:4:      minmay_temple_entry_overgrown, serial_shops, nicolae_shop_crystal,
          hangedman_minor_gate_pass, uniq_edmund
D:5:      gammafunk_temple_overflow_wave, cheibrodos_ashenzari_chains,
          uniq_menkaure
D:6:      hangedman_feature_mirror, minivault_22,
          nicolae_qazlal_eye_of_the_storm
Temple:   chambers_temple_12

Skill      XL: |  1  2  3  4  5  6  7  8 |
---------------+-------------------------+-----
Armour         | 1 3 4 5 6 |  6.0
Axes           | 5 6 8 |  8.3
Fighting       | 3 4 5 |  5.8
Throwing       | |  1.7
Dodging        | |  2.4

Action                   |  1- 3 |  4- 6 |  7- 9 || total
-------------------------+-------+-------+-------++-------
Melee: War axe           |    95 |   147 |   167 ||   409
Throw: Throwing net      |       |     2 |       ||     2
  Use: Potion            |       |     1 |     3 ||     4
       Scroll            |       |     6 |     4 ||    10
 Stab: Invisible         |       |     1 |       ||     1
  Eat: Chunk             |     1 |     5 |     3 ||     9
       Royal jelly       |       |     1 |       ||     1
       Meat ration       |       |       |     1 ||     1
Armor: Leather armour    |    40 |    21 |       ||    61
       Chain mail        |       |    42 |    49 ||    91
       Ring mail         |       |       |    38 ||    38
Dodge: Dodged            |    70 |    79 |    84 ||   233
